 Dungeon Crawl Stone Soup version 0.13.0-21-ge43020b (webtiles) character file.

111 M4edhros the Charlatan (level 3, -1/24 HPs)
             Began as an Octopode Artificer on Oct 26, 2013.
             Slain by a hound (6 damage)
             ... on Level 4 of the Dungeon.
             The game lasted 00:01:32 (1363 turns).

M4edhros the Charlatan (Octopode Artificer)         Turns: 1363, Time: 00:01:33

HP  -1/24        AC  1     Str 10      XL: 3   Next: 33%
MP   5/5         EV 12     Int 15      God:
Gold 76          SH  0     Dex 12      Spells:  0 memorised,  2 levels left

Res.Fire  : . . .   See Invis. : .   p - +0 sabre
Res.Cold  : . . .   Warding    : .   (no shield)
Life Prot.: . . .   Conserve   : .   (helmet restricted)
Res.Poison: .       Res.Corr.  : .   (no amulet)
Res.Elec. : .       Clarity    : .   (no ring)
Sust.Abil.: . .     Spirit.Shd : .   (no ring)
Res.Mut.  : .       Stasis     : .   (no ring)
Res.Rott. : .       Flight     : .   (no ring)
Saprovore : . . .                    (no ring)
                                     (no ring)
                                     (no ring)
                                     (no ring)

@: not resistant to hostile enchantments, stealthy
A: almost no armour, amphibious, 8 rings, constrict 8, camouflage 1, AC +1
a: no special abilities


You were on level 4 of the Dungeon.
You were not hungry.

You visited 1 branch of the dungeon, and saw 4 of its levels.

You collected 56 gold pieces.

Inventory:

Hand weapons
 a - a +0,+0 short sword
 p - a +0,+0 sabre (weapon)
Magical devices
 b - a wand of flame (15)
 c - a wand of enslavement (12)
 d - a wand of random effects (15)
Comestibles
 f - 3 bread rations
Scrolls
 g - a scroll of teleportation {unknown}
 i - 2 scrolls of fear {unknown}
 j - 3 scrolls of enchant armour {unknown}
 k - 2 scrolls of amnesia {unknown}
 m - 4 scrolls of identify {unknown}
Potions
 e - a potion of heal wounds {unknown}
 h - 4 potions of curing {unknown}
 l - a potion of brilliance {unknown}
 n - a potion of paralysis {unknown}


   Skills:
 - Level 1.0 Fighting
 - Level 1.0 Short Blades
 - Level 2.0 Dodging
 - Level 1.3 Stealth
 + Level 5.0 Evocations


You had 2 spell levels left.
You didn't know any spells.

Dungeon Overview and Level Annotations

Branches:
Dungeon (4/27)
 Temple: D:4-7

Altars:
Okawaru


Innate Abilities, Weirdness & Mutations

You cannot wear most types of armour.
You are amphibious.
You can wear up to eight rings at the same time.
You can use your tentacles to constrict many enemies at once.
Your skin changes colour to match your surroundings (Stlth).
Your rubbery body absorbs attacks (AC +1).


Message History

A quokka comes into view.
The hound bites you.
You see here a glowing short sword.
You hit the hound. Your grab misses the hound. Your squeeze misses the hound.
The hound is lightly wounded.
The hound bites you. The hound barely misses you.
You barely miss the hound. You grab the hound. You squeeze the hound.
The hound is moderately wounded.
You constrict the hound. The hound closely misses you.
You hit the hound.
The hound is moderately wounded.
You constrict the hound. The hound bites you.
The hound bites you but does no damage.
The quokka twitches its whiskers.
You hit the hound.
The hound is heavily wounded.
You constrict the hound. The hound bites you.
* * * LOW HITPOINT WARNING * * *
The hound bites you.
You die...

#....# #.# #<#
#.# #.# . #.#
...## #.#
#......#.##.#####
......r.@h.......
............####.
####...##### #.[.
#... ####


You could see a hound and a quokka.

Vanquished Creatures
  An adder (D:2)
  A giant gecko (D:4)
  A giant cockroach (D:1)
  A hobgoblin (D:1)
  2 bats (D:1)
  3 giant newts (D:1)
  5 goblins
  4 jackals (D:1)
  4 kobolds
22 creatures vanquished.

Vanquished Creatures (collateral kills)
  A giant gecko (D:1)
  An orc (D:2)
  A goblin (D:2)
3 creatures vanquished.

Grand Total: 25 creatures vanquished

Notes
Turn   | Place    | Note
--------------------------------------------------------------
     0 | D:1      | M4edhros, the Octopode Artificer, began the quest for the Orb.
     0 | D:1      | Reached XP level 1. HP: 14/14 MP: 1/1
    64 | D:1      | Reached skill level 4 in Evocations
    64 | D:1      | Reached XP level 2. HP: 4/19 MP: 3/3
   753 | D:2      | Found an iron altar of Okawaru.
   859 | D:2      | Reached XP level 3. HP: 18/24 MP: 5/5
  1275 | D:4      | Reached skill level 5 in Evocations
  1363 | D:4      | Slain by a hound

Action                   || total
-------------------------++-------
Melee: Short sword       ||    40
       Sabre             ||    10
Evoke: Wand              ||     3
 Stab: Sleeping          ||     2
